 Dungeon Crawl Stone Soup version 0.30.1-11-g7821555f0a (webtiles) character file.

Game seed: 18043154422924748817

253 Glitchless the Cudgeller (level 6, -4/40 HPs)
             Began as a Gargoyle Berserker on Dec 8, 2023.
             Was a Follower of Trog.
             Slain by a scorpion (5 damage)
             ... in a sewer.
             The game lasted 00:05:18 (1672 turns).

Glitchless the Cudgeller (Gargoyle Berserker)       Turns: 1672, Time: 00:05:18

Health: -4/40      AC:  7    Str: 29    XL:     6   Next: 14%
Magic:  6/6        EV: 12    Int:  7    God:    Trog [*.....]
Gold:   161        SH:  0    Dex:  9    Spells: 5/5 levels left

rFire   . . .        a - +0 mace
rCold   . . .        (no shield)
rNeg    + . .        k - +0 leather armour
rPois   ∞            (no helmet)
rElec   +            (no cloak)
rCorr   .            (no gloves)
SInv    .            (no boots)
Will    .....        (no amulet)
Stlth   +            h - +6 ring of strength
HPRegen 0.26/turn    (no ring)
MPRegen 0.10/turn

%: no passive effects
@: on berserk cooldown, slowed, very slow
A: sickness immunity, AC +4, negative energy resistance 1, electricity
resistance, torment resistance 1, petrification resistance
a: Renounce Religion, Berserk


You were in a sewer.
You worshipped Trog.
Trog was aware of your devotion.
You visited 1 branch of the dungeon, and saw 4 of its levels.
You also visited: Sewer.

You collected 161 gold pieces.

Inventory:

Hand Weapons
 a - a +0 mace (weapon)
Armour
 k - a +0 leather armour (worn)
Jewellery
 h - a +6 ring of strength (left hand)
Wands
 b - a wand of flame (27)
 i - a wand of polymorph (6)
Scrolls
 c - 2 scrolls of teleportation {unknown}
 f - a scroll of poison {unknown}
 j - a scroll of torment {unknown}
 l - a scroll of immolation {unknown}
 m - a scroll of identify {unknown}
 o - a scroll of amnesia {unknown}
Potions
 d - 2 potions of mutation {unknown}
 e - a potion of curing {unknown}
 g - a potion of invisibility {unknown}
 n - a potion of degeneration {unknown}


   Skills:
 + Level 4.8 Fighting
 + Level 4.8 Maces & Flails
 + Level 2.9 Armour
 + Level 2.4 Dodging
 + Level 0.9 Stealth


You had 5 spell levels left.
You didn't know any spells.
Your spell library was empty.

Dungeon Overview and Level Annotations

Branches:
Dungeon (4/15)              Sewer (1/1)
 Temple: D:4-7

Altars:
Gozag


Innate Abilities, Weirdness & Mutations

You are immune to sickness and miasma.
Your stone body is resilient. (AC +4)
You are immune to poison.
You resist negative energy. (rN+)
You are resistant to electric shocks. (rElec)
You are resistant to unholy torment.
You are immune to petrification.


Message History

You sock the kobold brigand!
The kobold brigand is moderately wounded.
The kobold brigand hits you with a +2 dagger of electrocution.
* * * LOW HITPOINT WARNING * * *
The kobold brigand hits you but does no damage.
You sock the kobold brigand!
The kobold brigand is heavily wounded.
The kobold brigand hits you with a +2 dagger of electrocution.
* * * LOW HITPOINT WARNING * * *
You hit the kobold brigand.
The kobold brigand is severely wounded.
The kobold brigand hits you with a +2 dagger of electrocution.
* * * LOW HITPOINT WARNING * * *
The kobold brigand barely misses you.
You hit the kobold brigand but do no damage.
The kobold brigand is severely wounded.
The kobold brigand barely misses you.
The kobold brigand hits you with a +2 dagger of electrocution.
* * * LOW HITPOINT WARNING * * *
Aiming: Polymorph
Press: ? - help, Q - select action, (/) - cycle Shift-Dir - straight line, f - kobold brigand
Aim: a kobold brigand, wielding a +2 dagger of electrocution and quivering poisoned darts (severely wounded, will become a killer bee, a basilisk, or a scorpion, chance to affect: 49%)
The kobold brigand evaporates and reforms as a scorpion!
The scorpion stings you but does no damage.
You hit the scorpion.
The scorpion is heavily wounded.
The scorpion stings you but does no damage.
The scorpion barely misses you.
You hit the scorpion but do no damage.
The scorpion is heavily wounded.
The scorpion stings you but does no damage. x2
You barely miss the scorpion.
The scorpion is heavily wounded.
The scorpion stings you.
* * * LOW HITPOINT WARNING * * *
The scorpion barely misses you.
You hit the scorpion.
The scorpion is severely wounded.
The scorpion stings you.
You die...

#~# #~# #~# #~# #)# #)#
#########~##
#.~.~~~s~~~#######
#..~~~~@~~.......###
#.~≈≈≈~~~~~~~≈~~~~≈≈≈
....~~≈≈≈≈≈≈≈≈≈≈≈≈≈≈≈≈≈≈
....#~~≈≈≈~~~~~~~~~~~~~≈≈
... #..~~~~~~~~......####
## #.......~~.###.###
############ ∩# ##


You could see a scorpion.

Vanquished Creatures
  Eustachio (D:4)
  A kobold brigand (Sewer)
  2 river rats (D:3)
  A worm (D:3)
  2 dart slugs
  4 ball pythons
  An endoplasm (D:1)
  A giant cockroach (D:3)
  3 hobgoblins (D:1)
  A jackal (Sewer)
  A frilled lizard (D:1)
  2 goblins (D:1)
  5 kobolds
  9 rats
34 creatures vanquished.

Notes
Turn   | Place    | Note
-------+----------+-------------------------------------------
     0 | D:1      | Glitchless the Gargoyle Berserker began the quest for the
                  | Orb.
     0 | D:1      | Reached XP level 1. HP: 14/14 MP: 1/1
   219 | D:1      | Reached XP level 2. HP: 19/19 MP: 2/2
   668 | D:2      | You fall into a shaft and drop 2 floors!
   704 | D:4      | Noticed Eustachio
   722 | D:4      | Killed Eustachio
   723 | D:4      | Reached XP level 3. HP: 11/24 MP: 3/3
   723 | D:4      | Reached XP level 4. HP: 14/30 MP: 4/4
   723 | D:4      | Reached XP level 5. HP: 16/34 MP: 5/5
  1093 | D:3      | Found an opulent altar of Gozag.
  1095 | D:3      | Found a faded altar of an unknown god.
  1430 | D:3      | HP: 1/34 [river rat (4)]
  1509 | D:3      | Found a glowing drain.
  1547 | Sewer    | Entered a sewer
  1610 | Sewer    | Noticed a kobold brigand
  1611 | Sewer    | Noticed a kobold brigand
  1645 | Sewer    | Killed a kobold brigand
  1646 | Sewer    | Reached XP level 6. HP: 32/40 MP: 6/6
  1667 | Sewer    | HP: 1/40 [kobold brigand/+2 dagger of electrocution (3)]
  1672 | Sewer    | Slain by a scorpion

Illustrated notes

Levels and vault maps discovered:
D:1:      lightli_arrival_isolated_outpost, layout_loops_ring
D:2:      layout_loops_ring, hangedman_decor_push,
          chequers_serial_rivers_micro_c, grunt_decor_one_mirror
D:3:      layout_loops_corners, nicolae_overflow_ecumenical_swirl, zin_angel,
          portal_sewer_entry_e, minmay_misc_feat_columns, kennysheep_orc_chapel,
          uniq_crazy_yiuf_cottage
D:4:      layout_loops_corners, minmay_shop_damaged, uniq_eustachio
Sewer:    sewer_kobolds

Skill      XL: |  1  2 |
---------------+-------+-----
Fighting       | 4 |  4.8
Maces & Flails | 4 |  4.8
Dodging        | 2 |  2.4
Armour         | |  2.9
Stealth        | |  0.9

Action                     |  1- 3 |  4- 6 || total
---------------------------+-------+-------++-------
  Melee: Mace              |    41 |    88 ||   129
         Punch             |       |     1 ||     1
 Invoke: Berserk           |     1 |     2 ||     3
  Evoke: Wand              |       |     1 ||     1
 Armour: Animal skin       |    12 |       ||    12
         Leather armour    |       |    32 ||    32
  Dodge: Dodged            |    26 |    64 ||    90
